 Dungeon Crawl Stone Soup version 0.26.1-2-gb8aa6d0cf2 (webtiles) character file.

Game seed: 9972040881187724009

406 Gadfly the Skirmisher (level 6, -7/93 HPs)
             Began as an Ogre Monk on Feb 13, 2021.
             Was a Believer of Okawaru.
             Mangled by an ogre
             ... wielding a +0 giant club
              (11 damage)
             ... on level 4 of the Dungeon.
             The game lasted 00:06:39 (5052 turns).

Gadfly the Skirmisher (Ogre Monk)                   Turns: 5052, Time: 00:06:40

Health: -7/93      AC: 23    Str: 18    XL:     6   Next: 87%
Magic:  8/8        EV:  1    Int: 11    God:    Okawaru [**....]
Gold:   144        SH:  0    Dex: 11    Spells: 5/5 levels left

rFire    . . .     SeeInvis .   b - +0 short sword (elec)
rCold    . . .     Faith    .   (no shield)
rNeg     + + +     Spirit   .   (armour currently unavailable)
rPois    +         Reflect  .   (helmet currently unavailable)
rElec    .         Harm     .   (cloak currently unavailable)
rCorr    .         Rampage  .   (gloves unavailable)
Will     +....     NoTele   +   (boots unavailable)
Stlth    ++........             (no amulet)
HPRegen  0.25/turn              f - ring of willpower
MPRegen  0.11/turn              (no ring)

@: tree-form
A: large, unfitting armour
a: Renounce Religion, Heroism


You were on level 4 of the Dungeon.
You worshipped Okawaru.
Okawaru was pleased with you.
You were a tree.
You visited 2 branches of the dungeon, and saw 5 of its levels.

You collected 144 gold pieces.

Inventory:

Hand Weapons
 a - a +0 flail
 b - a +0 short sword of electrocution (weapon)
 l - a +1 hand axe of freezing
Missiles
 k - 3 boomerangs (quivered)
Armour
 h - a +1 robe (melded)
 q - a +0 cloak (melded)
Jewellery
 f - a ring of willpower (left branch)
Wands
 o - a wand of polymorph (11)
Scrolls
 d - a scroll of teleportation
 g - 3 scrolls of identify
 i - a scroll of enchant armour
Potions
 c - 2 potions of haste
 e - 2 potions of flight
 m - 2 potions of resistance
 p - a potion of attraction


   Skills:
 - Level 4.0 Fighting
 + Level 3.2 Maces & Flails
 * Level 3.0 Throwing
 * Level 2.3 Armour
 - Level 2.6 Dodging
 - Level 1.4 Stealth
 * Level 3.2 Invocations
 * Level 2.4 Evocations


You had 5 spell levels left.
You didn't know any spells.
Your spell library was empty.

Dungeon Overview and Level Annotations

Branches:
Dungeon (4/15)             Temple (1/1) D:4

Altars:
Cheibriados
Elyvilon
Gozag
Kikubaaqudgha
Makhleb
Okawaru
Qazlal
Ru
Sif Muna
Xom
Yredelemnul
Jiyva

Annotations:
D:1 1 runed translucent door
D:3 1 runed translucent door, ew1980's ghost, amateur HaAK


Innate Abilities, Weirdness & Mutations

You are too large for most types of armour.
((You have tough skin. (AC +1)))


Message History

The leopard gecko bites you but does no damage.
You barely miss the leopard gecko.
The leopard gecko is almost dead.
The leopard gecko bites you but does no damage.
An ogre comes into view. It is wielding a +0 giant club.
The leopard gecko bites you but does no damage. x2
You hit the leopard gecko.
You kill the leopard gecko!
Okawaru accepts your kill.
The leopard gecko bites you but does no damage.
Okay, then.
You closely miss the leopard gecko.
The leopard gecko is lightly wounded.
The leopard gecko bites you but does no damage.
You hit the leopard gecko.
Lightning courses through the leopard gecko!
You kill the leopard gecko!
Okawaru accepts your kill. The ogre hits you with a +0 giant club!
You die...

..#..#..#####........+
#.#.....# #........#
..†#..### #........#
.....## #........#
###### #........# #####
#........#
.....########........#
............#....†...###
..........†.####♣......#
............# #O#.#.#..
..........$.####........
............)l...#.#.#.#
............###........#
.....?..(...# ##.#.#.#.#
............# #.......#
....=####$### ####.####
..... #$# .#


You could see an ogre.

Vanquished Creatures
  A bullfrog (D:4)
  A howler monkey (D:4)
  3 orc wizards
  4 gnolls (D:4)
  8 adders
  An adder skeleton (D:4)
  3 worms
  3 dart slugs
  5 leopard geckos
  6 orcs
  7 giant cockroaches
  6 goblins
  11 hobgoblins
  7 jackals (D:1)
  4 kobolds
  A quokka (D:3)
  A ball python (D:4)
  4 bats
  7 frilled lizards
  5 rats
88 creatures vanquished.

Notes
Turn   | Place    | Note
-------+----------+-------------------------------------------
     0 | D:1      | Gadfly the Ogre Monk began the quest for the Orb.
     0 | D:1      | Reached XP level 1. HP: 24/24 MP: 1/1
     1 | D:1      | Found a runed translucent door.
   307 | D:1      | Reached XP level 2. HP: 32/32 MP: 2/2
   543 | D:1      | Reached skill level 1 in Throwing
   543 | D:1      | Reached skill level 1 in Invocations
   555 | D:1      | Reached XP level 3. HP: 11/39 MP: 3/3
  1424 | D:2      | Reached skill level 1 in Armour
  1436 | D:2      | Reached skill level 1 in Evocations
  1609 | D:2      | Reached XP level 4. HP: 37/48 MP: 3/5
  2386 | D:2      | Found an opulent altar of Gozag.
  2389 | D:2      | Found a shimmering altar of Xom.
  2694 | D:3      | Found a faded altar of an unknown god.
  3031 | D:3      | Reached XP level 5. HP: 52/54 MP: 6/6
  3078 | D:3      | HP: 1/54 [orc/+0 short sword (3)]
  3427 | D:3      | Found a runed translucent door.
  3428 | D:3      | Noticed ew1980's ghost (amateur HaAK)
  4441 | D:4      | Reached XP level 6. HP: 51/62 MP: 7/7
  4773 | D:4      | Found a staircase to the Ecumenical Temple.
  4782 | Temple   | Entered the Ecumenical Temple
  4797 | Temple   | Became a worshipper of Warmaster Okawaru
  4797 | Temple   | Reached * piety under Okawaru
  4797 | Temple   | Reached ** piety under Okawaru
  5043 | D:4      | HP: 4/93 [howler monkey (2)]
  5052 | D:4      | Mangled by an ogre

Illustrated notes

Levels and vault maps discovered:
D:1:      dpeg_arrival_caged_fury, layout_basic, skrybe_limestone_x
D:2:      layout_loops_ring, minitemple
D:3:      layout_loops_corners, chequers_ecumenical_altar_island,
          gammafunk_ghost_grave
D:4:      layout_basic, tgw_trog, minmay_temple_entry_mini_moons,
          glass_columns_b
Temple:   pf_slime_end_temple

Skill      XL: |  1  2  3  4  5  6 |
---------------+-------------------+-----
Throwing       | 1 2 3 |  3.0
Invocations    | 1 2 3 |  3.2
Armour         | 1 2 |  2.3
Evocations     | 1 2 |  2.4
Maces & Flails | 3 |  3.2
Fighting       | |  4.0
Dodging        | |  2.6
Stealth        | |  1.4

Action                   |  1- 3 |  4- 6 || total
-------------------------+-------+-------++-------
Melee: Mace              |    84 |       ||    84
       Short sword       |    55 |   216 ||   271
Throw: Boomerang         |       |     1 ||     1
  Use: Scroll            |     6 |     8 ||    14
       Potion            |     1 |     3 ||     4
 Stab: Sleeping          |     2 |     3 ||     5
Armor: Robe              |    45 |    55 ||   100
       Skin              |       |    32 ||    32
Dodge: Dodged            |   102 |   108 ||   210
